 Dungeon Crawl Stone Soup version 0.21-a0-125-gb006224 (webtiles) character file.

149677 namelastname112 the Jinx (level 16, -1/137 HPs)
             Began as a Green Draconian Assassin on July 15, 2017.
             Was a Believer of Dithmenos.
             Shot with an arrow by a deep elf archer (14 damage)
             ... on level 2 of the Elven Halls.
             The game lasted 01:10:41 (31980 turns).

namelastname112 the Jinx (DrAs)                    Turns: 31980, Time: 01:10:42

Health: -1/137     AC: 14    Str: 14    XL:     16   Next: 97%
Magic:  30/30      EV: 16    Int: 16    God:    Dithmenos [**....]
Gold:   1692       SH:  8    Dex: 18    Spells: 11/36 levels left

rFire    + + +     SeeInvis .   Y - +1 rapier (elec)
rCold    + . .     Gourm    .   Q - +2 buckler
rNeg     . . .     Faith    +   (armour unavailable)
rPois    +         Spirit   .   l - +2 hat
rElec    .         Reflect  .   c - +1 cloak {rPois}
rCorr    .         Harm     .   L - +0 pair of gloves
MR       +....                  (no boots)
Stlth    +++++.....             u - amulet of Byeledim {Faith rPois rF++}
HPRegen  0.32/turn              n - ring of Bielif {rC+ Int+3}
MPRegen  0.22/turn              N - +2 ring of slaying

@: lethally poisoned (-1 -> -1), about to teleport, slightly contaminated,
slowed, wreathed by umbra, heavily drained, very slow
A: breathe noxious fumes, unfitting armour, horns 1, stinger 1, fire resistance
1, poison resistance, cold-blooded, AC +9
a: Breathe Noxious Fumes, Shadow Step, Renounce Religion


You were on level 2 of the Elven Halls.
You worshipped Dithmenos.
Dithmenos was pleased with you.
You were not hungry.

You visited 4 branches of the dungeon, and saw 25 of its levels.
You also visited: Trove.

You collected 2762 gold pieces.
You spent 1070 gold pieces at shops.

Inventory:

Hand Weapons
 b - a +0 blowgun
 O - a +1 quick blade of freezing
 P - the +7 Singing Sword
   (You found it on level 10 of the Dungeon)
 Y - a +1 rapier of electrocution (weapon)
Missiles
 d - 52 poisoned needles
 e - 13 curare-tipped needles
 r - 11 javelins
 D - 3 throwing nets (quivered)
Armour
 c - a +1 cloak of poison resistance (worn)
 l - a +2 hat (worn)
 L - a +0 pair of gloves (worn)
 Q - a +2 buckler (worn)
Jewellery
 n - the ring of Bielif (left hand) {rC+ Int+3}
   (You found it in a treasure trove)

   [ring of protection from cold]

   It affects your intelligence (+3).
   It protects you from cold.
 u - the amulet of Byeledim (around neck) {Faith rPois rF++}
   (You found it in a treasure trove)

   [amulet of faith]

   It allows you to gain divine favour quickly.
   It greatly protects you from fire.
   It protects you from poison.
 F - an uncursed ring of protection from cold
 N - a +2 ring of slaying (right hand)
 T - the ring of Sunlight {Fire *Corrode +Blink rElec Dex+3}
   (You found it in a treasure trove)

   [ring of fire]

   It enhances your fire magic.
   It affects your dexterity (+3).
   It protects you from fire.
   It makes you vulnerable to cold.
   It insulates you from electricity.
   It lets you blink.
   It may corrode you when you take damage.
Wands
 i - a wand of iceblast (7/15)
 w - a wand of lightning (14/15)
 A - a wand of lightning (6/15)
 J - a wand of iceblast (10/15)
 S - a wand of iceblast (4/15)
 V - a wand of digging (8/24)
 W - a wand of lightning (9/15)
 Z - a wand of acid (11/15)
Scrolls
 a - 5 scrolls of magic mapping
 k - 2 scrolls of fear
 p - 8 scrolls of remove curse
 q - 5 scrolls of recharging
 v - 2 scrolls of blinking
 y - 4 scrolls of identify
 G - 3 scrolls of enchant weapon
 U - 2 scrolls of fog
 X - 6 scrolls of teleportation
Potions
 g - 3 potions of might
 h - 6 potions of flight
 j - a potion of haste
 s - 3 potions of brilliance
 t - 6 potions of heal wounds
 z - 2 potions of magic
 C - a potion of agility
 E - 10 potions of curing
 H - 3 potions of resistance
 M - 2 potions of ambrosia
 R - 2 potions of cancellation
Books
 o - a book of Party Tricks

   Spells                             Type                      Level
   a - Summon Butterflies             Summoning                    1
   b - Apportation                    Translocation                1
   c - Lesser Beckoning               Translocation                3
   d - Tukima's Dance                 Hexes                        3
   e - Alistair's Intoxication        Transmutation/Poison         5
   f - Invisibility                   Hexes                        6
 B - a book of Misfortune

   Spells                             Type                      Level
   a - Confusing Touch                Hexes                        1
   b - Confuse                        Hexes                        3
   c - Gell's Gravitas                Translocation                3
   d - Petrify                        Transmutation/Earth          4
   e - Metabolic Englaciation         Hexes/Ice                    5
   f - Yara's Violent Unravelling     Hexes/Transmutation          5
 I - a book of Enchantments

   Spells                             Type                      Level
   a - Cause Fear                     Hexes                        4
   b - Yara's Violent Unravelling     Hexes/Transmutation          5
   c - Silence                        Hexes/Air                    5
   d - Deflect Missiles               Charms/Air                   6
   e - Discord                        Hexes                        8
Comestibles
 f - 12 bread rations
 m - 10 meat rations
 x - 24 fruits
 K - 6 royal jellies


   Skills:
 + Level 11.3(7.9) Fighting
 - Level 11.3(7.9) Short Blades
 - Level 8.8(5.7) Throwing
 + Level 9.4(6.2) Dodging
 * Level 12.8(9.3) Stealth
 - Level 9.9(6.6) Shields
 + Level 10.9(7.6) Spellcasting
 + Level 12.9(9.4) Hexes


You had 11 spell levels left.
You knew the following spells:

 Your Spells              Type           Power        Failure   Level  Hunger
a - Blink                 Tloc           N/A          17%         2    None
b - Slow                  Hex            #####...     1%          2    None
c - Invisibility          Hex            #####...     36%         6    #######
d - Tukima's Dance        Hex            #####...     1%          3    ##.....
e - Apportation           Tloc           #.....       12%         1    None
f - Dazzling Spray        Conj/Hex       ###...       4%          3    ##.....
g - Silence               Hex/Air        ###.......   43%         5    #####..
x - Confuse               Hex            #####...     1%          3    ##.....


Dungeon Overview and Level Annotations

Branches:
Dungeon (15/15)            Temple (0/1) D:4            Lair (6/6) D:8
 Shoals (0/4) Lair:2       Spider (0/4) Lair:4        Slime (0/5) Lair:5
    Orc (2/2) D:11            Elf (2/3) Orc:2        Vaults (0/5) D:14
 Depths (0/5) D:15

Altars:
Dithmenos
Fedhas
Hepliaklqana
Kikubaaqudgha
Okawaru
Qazlal
Trog
Vehumet
Wu Jian
Xom
Yredelemnul

Shops:
D:4 (   D:5 *   D:15 *:   Orc:1 [   Orc:2 }:[   Elf:2 }

Annotations:
D:12 2 exclusions
D:14 barakagiga's ghost, journeyman MfGl
Elf:2 3 runed doors


Innate Abilities, Weirdness & Mutations

You can breathe blasts of noxious fumes.
Your lurid green scales are hard. (AC +9)
You cannot fit into any form of body armour.
Your tail ends in a poisonous barb.
Your system is resistant to poisons. (rPois)
You are cold-blooded and may be slowed by cold attacks.
You have a pair of small horns on your head.
Your flesh is heat resistant. (rF+)


Message History

You take 1 damage, and have 45/137 hp.
Okay, then.
As you read the scroll of teleportation, it crumbles to dust.
You feel strangely unstable.
You feel sick. The short sword of speed hits you.
* * * LOW HITPOINT WARNING * * *
The short sword of draining hits you!
* * * LOW HITPOINT WARNING * * *
You feel drained.
* * * LOW HITPOINT WARNING * * *
The short sword of speed closely misses you.
The mace of protection hits you!
* * * LOW HITPOINT WARNING * * *
The short sword of draining hits you.
* * * LOW HITPOINT WARNING * * *
You feel drained.
* * * LOW HITPOINT WARNING * * *
The deep elf archer unwields an uncursed falchion.
The deep elf archer wields an uncursed longbow.
The deep elf archer shoots an arrow.
The arrow hits you!
You die...

........# .....)..#
........# .. .e ...
........# .# '##'## ###
.......)# '. ....#...#
........### #. ...#..:
........#.e.#.. #..'..
).......#...'..#####.$#####
.......)# #..§@.))).#.(.#
........# #..((((...'.(.#
........# #####'#####.>(#
........# #8≈≈≈≈≈≈≈8#..!#
###+###.# #≈≈≈≈≈≈≈≈≈#...#
..#.# #≈≈≈≈≈≈≈≈≈#)((#
......#.#####........(#####
......# #..#.#'#####..#..#
...... #..#.......+..#..#


You could see a deep elf archer and 3 dancing weapons.

Vanquished Creatures
  Nikola (Elf:1)
  A tentacled monstrosity (D:13)
  Kirke (D:11)
  Roxanne (Elf:2)
  The ghost of Ezendos the Brawler, a journeyman DrMo of Wu Jian (Orc:2)
  An orc warlord (Orc:2)
  A very ugly thing (D:13)
  A stone giant (D:12)
  A deep elf death mage (Elf:2)
  3 ogre magi
  Harold (Lair:2)
  A great orb of eyes (D:15)
  5 vault guards (D:14)
  Fannar (Lair:1)
  9 hydras
  3 catoblepae (Lair:6)
  4 centaur warriors
  A death knight (D:14)
  Erica (D:9)
  21 two-headed ogres
  13 dancing weapons
  2 tengu warriors
  11 death yaks
  Urug (D:13)
  Nergalle (D:12)
  6 deep elf knights
  A skeletal warrior (D:13)
  2 deep trolls (Orc:1)
  A phantasmal warrior (D:14)
  An unseen horror (D:15)
  A wizard (D:13)
  6 deep elf archers
  35 deep elf magi
  A lindwurm (Lair:6)
  A necromancer (Lair:6)
  2 orc knights (Orc:1)
  6 ugly things
  6 orc sorcerers
  A salamander (shapeshifter) (D:15)
  4 oklob plants (Lair:3)
  A shining eye (shapeshifter) (D:15)
  5 manticores
  12 elephants
  6 cyclopes
  3 gargoyles
  A black mamba (Lair:1)
  5 spiny frogs
  4 rime drakes
  8 komodo dragons
  A yaktaur (D:14)
  2 freezing wraiths (D:14)
  18 trolls
  4 tengu conjurers
  4 polar bears
  3 meliai (D:14)
  9 blink frogs
  8 hippogriffs
  3 slime creatures (D:13)
  A large abomination (D:13)
  Sigmund (D:3)
  3 air elementals
  A spriggan (D:8)
  3 shadows
  A vampire (D:15)
  5 water elementals
  3 wyverns
  2 chaos spawn (D:13)
  A fire elemental (Elf:2)
  6 hogs (D:12)
  55 yaks
  A human (shapeshifter) (D:14)
  5 hungry ghosts
  Grum (D:10)
  2 vampire mosquitoes (D:15)
  Menkaure (D:5)
  A neqoxec (D:13)
  2 soldier ants
  2 acid dragons
  3 wargs
  Duvessa (D:7)
  4 porcupines
  12 water moccasins
  4 ice beasts
  27 orc warriors
  5 sky beasts
  3 black bears
  2 necrophages
  30 ogres
  3 phantoms
  4 wolves (D:10)
  13 centaurs
  11 crocodiles
  Blork the orc (D:3)
  14 bullfrogs
  6 earth elementals
  A big kobold (D:13)
  A wyvern zombie (D:13)
  Dowan (D:7)
  2 wyvern skeletons
  8 scorpions
  3 killer bees (D:9)
  10 wights
  A troll zombie (D:11)
  2 howler monkeys (D:13)
  An electric eel (Lair:1)
  3 centaur zombies
  6 crimson imps
  2 quasits
  2 bullfrog zombies
  18 orc priests
  4 centaur skeletons
  2 gnoll shamans
  9 hounds
  3 iguanas
  18 jellies
  A bullfrog skeleton (D:13)
  31 orc wizards
  Jessica (D:2)
  12 worker ants
  3 polar bear simulacra (Lair:6)
  3 yak simulacra (Lair:6)
  5 small abominations (D:13)
  3 wolf simulacra (Lair:6)
  7 ogre zombies (D:11)
  12 gnolls
  14 adders
  6 shadow imps
  An ooze (D:5)
  3 adder skeletons
  2 worms (Lair:4)
  4 dart slugs
  4 leopard geckos
  94 orcs
  2 ball pythons
  9 bats
  4 giant cockroaches
  3 goblins (D:3)
  4 hobgoblins
  7 jackals
  A quokka (D:6)
  6 frilled lizards
  A hobgoblin skeleton (D:11)
  6 hobgoblin zombies (D:11)
  8 kobolds
  18 orc zombies (D:11)
  A quokka skeleton (D:4)
  5 rats
  2 river rat simulacra (Lair:6)
  A plant (Lair:3)
879 creatures vanquished.

Vanquished Creatures (others)
  2 deep elf magi (Elf:2)
  An orc wizard (Orc:1)
  A gnoll (D:8)
  An orc (Orc:1)
  7 fungi
  5 plants
17 creatures vanquished.

Grand Total: 896 creatures vanquished

Notes
Turn   | Place    | Note
-------+----------+-------------------------------------------
     0 | D:1      | namelastname112 the Draconian Assassin began the quest for the Orb.
     0 | D:1      | Reached XP level 1. HP: 17/17 MP: 1/1
    25 | D:1      | Reached skill level 1 in Dodging
   308 | D:1      | Reached XP level 2. HP: 24/24 MP: 2/2
   828 | D:2      | Reached XP level 3. HP: 27/29 MP: 3/3
   932 | D:2      | Reached XP level 4. HP: 35/37 MP: 4/4
  1049 | D:2      | Noticed Jessica
  1060 | D:2      | Killed Jessica
  1129 | D:2      | Found a basalt altar of Yredelemnul.
  1131 | D:2      | Found a bloodstained altar of Trog.
  1133 | D:2      | Found a hazy altar of Hepliaklqana.
  1133 | D:2      | Found an ancient bone altar of Kikubaaqudgha.
  1134 | D:2      | Found an ornate altar of the Wu Jian Council.
  1135 | D:2      | Found a blossoming altar of Fedhas.
  1137 | D:2      | Found a shadowy altar of Dithmenos.
  1138 | D:2      | Found an iron altar of Okawaru.
  1522 | D:3      | Reached XP level 5. HP: 42/42 MP: 5/5
  2072 | D:3      | Noticed Sigmund
  2093 | D:3      | Killed Sigmund
  2093 | D:3      | Reached XP level 6. HP: 23/51 MP: 6/6
  2245 | D:4      | Noticed Blork the orc
  2274 | D:3      | Killed Blork the orc
  2423 | D:4      | Found Apezuorch's Antique Weapon Emporium.
  2487 | D:4      | Found a shimmering altar of Xom.
  2508 | D:4      | Your scales start taking on a lurid green colour.
  2508 | D:4      | Reached XP level 7. HP: 44/58 MP: 7/7
  2508 | D:4      | Gained mutation: Your system is resistant to poisons. (rPois) [Green Draconian growth]
  2583 | D:2      | Became a worshipper of Dithmenos the Shadowed
  2811 | D:4      | Found a staircase to the Ecumenical Temple.
  2876 | D:4      | Reached skill level 5 in Stealth
  3226 | D:5      | Entered Level 5 of the Dungeon
  3276 | D:5      | Reached skill level 5 in Short Blades
  3349 | D:5      | Noticed Menkaure
  3451 | D:5      | Killed Menkaure
  3579 | D:5      | Reached * piety under Dithmenos
  3824 | D:5      | Found a stormy altar of Qazlal.
  3901 | D:5      | Reached XP level 8. HP: 67/67 MP: 8/8
  3911 | D:5      | Found Xyij's General Store.
  4087 | D:5      | Learned a level 1 spell: Apportation
  4230 | D:6      | Reached skill level 5 in Fighting
  4305 | D:6      | Found an iron altar of Okawaru.
  4622 | D:7      | Identified the Reference Book on Creative Displacement
  4630 | D:7      | Reached XP level 9. HP: 75/75 MP: 9/9
  4724 | D:7      | Noticed Duvessa
  4726 | D:7      | Noticed Dowan
  4744 | D:7      | Killed Duvessa
  4747 | D:7      | Killed Dowan
  4894 | D:7      | Reached ** piety under Dithmenos
  5191 | D:8      | Reached skill level 5 in Throwing
  5228 | D:8      | Reached skill level 5 in Dodging
  5342 | D:8      | Noticed an elephant
  5376 | D:8      | Killed an elephant
  5682 | D:8      | Reached XP level 10. HP: 71/86 MP: 10/10
  5862 | D:8      | Noticed a cyclops
  5893 | D:8      | Reached *** piety under Dithmenos
  6022 | D:8      | Found a staircase to the Lair.
  6083 | D:8      | Killed a cyclops
  6299 | D:9      | Noticed Erica
  6311 | D:9      | Killed Erica
  6773 | D:9      | Gained mutation: Your spells are a little easier to cast, but a little less powerful. [mutagenic meat]
  6774 | D:9      | Lost mutation: Your spells are a little easier to cast, but a little less powerful. [mutagenic meat]
  6775 | D:9      | Gained mutation: You have a pair of small horns on your head. [mutagenic meat]
  6776 | D:9      | Gained mutation: Your flesh is heat resistant. (rF+) [mutagenic meat]
  7220 | D:10     | Entered Level 10 of the Dungeon
  7310 | D:10     | Noticed Grum
  7312 | D:10     | Killed Grum
  7331 | D:10     | Reached **** piety under Dithmenos
  7363 | D:10     | Noticed a two-headed ogre
  7371 | D:10     | Noticed a gargoyle
  7448 | D:10     | Killed a gargoyle
  7448 | D:10     | Reached skill level 10 in Short Blades
  7545 | D:10     | Killed a two-headed ogre
  7545 | D:10     | Reached XP level 11. HP: 36/95 MP: 11/11
  7788 | D:10     | Noticed a tengu warrior
  7801 | D:10     | Killed a tengu warrior
  7874 | D:10     | Reached skill level 1 in Shields
  8670 | D:11     | Noticed a green ugly thing
  8689 | D:11     | Killed a green ugly thing
  8702 | D:11     | Noticed a two-headed ogre
  8721 | D:11     | Killed a two-headed ogre
  8721 | D:11     | Reached skill level 5 in Shields
  8945 | D:11     | Noticed a green ugly thing
  8969 | D:11     | Killed a green ugly thing
  9043 | D:11     | Found a staircase to the Orcish Mines.
  9066 | D:11     | Reached ***** piety under Dithmenos
  9439 | D:12     | Noticed Kirke
  9955 | D:12     | Noticed a five-headed hydra
 10002 | D:12     | Reached XP level 12. HP: 91/103 MP: 12/12
 10010 | D:12     | Killed a five-headed hydra
 10235 | D:12     | Noticed Nergalle
 10245 | D:12     | Killed Nergalle
 10620 | D:12     | Noticed a stone giant
 10629 | D:12     | Noticed a sphinx
 10629 | D:12     | Noticed a quicksilver dragon
 10629 | D:12     | a sphinx changed into a quicksilver dragon
 10632 | D:12     | Killed a stone giant
 10755 | D:12     | Noticed a fire giant
 10768 | D:12     | Noticed a dire elephant
 10768 | D:12     | an iron troll changed into a dire elephant
 10772 | D:12     | Noticed a storm dragon
 10772 | D:12     | a dire elephant changed into a storm dragon
 10775 | D:12     | a storm dragon changed into something unseen
 10776 | D:12     | Noticed an emperor scorpion
 10833 | D:12     | Noticed an ice dragon
 10845 | D:12     | Noticed an emperor scorpion
 10887 | D:12     | Noticed an ettin
 10888 | D:12     | Noticed a spark wasp
 10888 | D:12     | an ettin changed into a spark wasp
 10892 | D:12     | Noticed a satyr
 10892 | D:12     | a spark wasp changed into a satyr
 10896 | D:12     | Noticed an azure jelly
 10896 | D:12     | a satyr changed into an azure jelly
 10898 | D:12     | Noticed a catoblepas
 10898 | D:12     | an azure jelly changed into a catoblepas
 10904 | D:12     | a catoblepas changed into a tyrant leech
 10905 | D:12     | Noticed an entropy weaver
 10905 | D:12     | a tyrant leech changed into an entropy weaver
 10907 | D:12     | an entropy weaver changed into a tyrant leech
 11052 | D:13     | Noticed Urug
 11068 | D:13     | Killed Urug
 11230 | D:13     | Noticed a centaur warrior
 11238 | D:13     | Killed a centaur warrior
 11666 | D:13     | Noticed a two-headed ogre
 11977 | D:13     | Paralysed by a wizard for 7 turns
 12066 | D:13     | Noticed a two-headed ogre
 12069 | D:13     | Killed a two-headed ogre
 12132 | D:13     | Reached skill level 10 in Stealth
 12413 | D:11     | Killed Kirke
 12413 | D:11     | Reached XP level 13. HP: 112/112 MP: 13/13
 12481 | Lair:1   | Entered Level 1 of the Lair of Beasts
 13636 | Lair:2   | Noticed Fannar
 13663 | Lair:1   | Killed Fannar
 13663 | Lair:1   | Reached skill level 10 in Fighting
 14342 | Lair:2   | Found a staircase to the Shoals.
 14368 | Lair:2   | Got a pair of steaming gloves
 14403 | Lair:2   | Identified the +1 pair of gloves of the Saviour {rF++ rC- rCorr Str+9} (You found it on level 2 of the Lair of Beasts)
 14499 | Lair:2   | Noticed Harold
 14508 | Lair:2   | Killed Harold
 16772 | Lair:4   | Found a hole to the Spider Nest.
 17103 | Lair:5   | Gained mutation: Your tail ends in a poisonous barb. [Green Draconian growth]
 17103 | Lair:5   | Reached XP level 14. HP: 101/122 MP: 14/14
 17465 | Lair:5   | Found a staircase to the Slime Pits.
 18274 | Lair:5   | Learned a level 2 spell: Blink
 18394 | Lair:5   | Learned a level 2 spell: Slow
 18410 | Lair:6   | Entered Level 6 of the Lair of Beasts
 18472 | Lair:6   | Reached skill level 1 in Spellcasting
 18491 | Lair:6   | Reached skill level 1 in Hexes
 18583 | Lair:6   | Reached ****** piety under Dithmenos
 19441 | Lair:6   | Reached skill level 5 in Spellcasting
 19539 | Lair:6   | Reached skill level 5 in Hexes
 19921 | Orc:1    | Entered Level 1 of the Orcish Mines
 20451 | Orc:1    | Found Kosakiuggim's Armour Shop.
 20614 | Orc:2    | Entered Level 2 of the Orcish Mines
 22139 | Orc:1    | Reached XP level 15. HP: 101/128 MP: 25/25
 22262 | Orc:2    | Found Gockela's Jewellery Emporium.
 22267 | Orc:2    | Found Essul's Book Shoppe.
 22268 | Orc:2    | Found Wampiz's Gadget Boutique.
 22277 | Orc:2    | Bought a book of Party Tricks for 750 gold pieces
 22302 | Orc:2    | Found Kiash's Armour Shoppe.
 22443 | Orc:2    | Noticed Ezendos's ghost (journeyman DrMo)
 23663 | Orc:2    | Killed Ezendos's ghost
 24166 | Orc:2    | Learned a level 6 spell: Invisibility
 24319 | Orc:2    | Found a staircase to the Elven Halls.
 24475 | Orc:1    | Noticed an orc warlord
 24604 | Orc:2    | Killed an orc warlord
 24650 | Orc:2    | Noticed an orc warlord
 25660 | D:13     | Found a runed door.
 25671 | D:13     | Noticed a tentacled monstrosity
 25698 | D:13     | Killed a tentacled monstrosity
 26345 | D:14     | Noticed barakagiga's ghost (journeyman MfGl)
 26892 | D:14     | Reached skill level 10 in Hexes
 26930 | D:14     | Found a gate to the Vaults.
 27683 | D:15     | Entered Level 15 of the Dungeon
 27761 | D:15     | Reached XP level 16. HP: 113/136 MP: 24/29
 28273 | D:15     | Found Xoupoj's Book Emporium.
 28299 | D:15     | Bought a book of Misfortune for 320 gold pieces
 28303 | D:15     | Learned a level 3 spell: Tukima's Dance
 28307 | D:15     | Learned a level 3 spell: Confuse
 28436 | D:15     | Found Doki's General Store.
 28706 | D:15     | Found a staircase to the Depths.
 28909 | D:12     | Reached skill level 10 in Spellcasting
 28987 | Elf:1    | Entered Level 1 of the Elven Halls
 29066 | Elf:1    | Learned a level 3 spell: Dazzling Spray
 29726 | Elf:1    | Noticed Nikola
 29807 | Elf:1    | Killed Nikola
 30331 | Elf:1    | Found a portal to a secret trove of treasure.
 30477 | Trove    | Entered a treasure trove
 30485 | Trove    | Got a flickering silver ring
 30492 | Trove    | Got a scorched copper ring
 30494 | Trove    | Got a crude pewter amulet
 30496 | Trove    | Identified the ring of Bielif {rC+ Int+3} (You found it in a treasure trove)
 30498 | Trove    | Identified the ring of Fumoodduol {-Tele MP+9 Int+3 Dex+2 SInv} (You found it in a treasure trove)
 30502 | Trove    | Got a warped platinum ring
 30503 | Trove    | Identified the ring of the Fifty Yaks {rCorr rF- Int+3 Dex+6} (You found it in a treasure trove)
 30507 | Trove    | Got a vibrating pewter ring
 30508 | Trove    | Identified the ring of Kindness {+Inv rN+ Str-5 Stlth+} (You found it in a treasure trove)
 30512 | Trove    | Got a fine ivory ring
 30513 | Trove    | Identified the ring "Kessahot" {Ice -Tele rN+++ Dex+3} (You found it in a treasure trove)
 30530 | Trove    | Got a translucent jade ring
 30531 | Trove    | Identified the ring of Sunlight {Fire *Corrode +Blink rElec Dex+3} (You found it in a treasure trove)
 30548 | Trove    | Got a slimy copper ring
 30549 | Trove    | Identified the ring of Piubuca {rPois rC+ rN+ Dex+7 Slay-6} (You found it in a treasure trove)
 30553 | Trove    | Got a translucent crystal amulet
 30565 | Trove    | Identified the amulet of Byeledim {Faith rPois rF++} (You found it in a treasure trove)
 30746 | Elf:2    | Found a radiant altar of Vehumet.
 30989 | Elf:2    | Found a runed gate.
 30989 | Elf:2    | Found a runed gate.
 30989 | Elf:2    | Found a runed gate.
 31168 | Elf:2    | Found Ehuwas's Gadget Shop.
 31755 | Elf:2    | Noticed Roxanne
 31822 | Elf:2    | Killed Roxanne
 31876 | Elf:2    | Learned a level 5 spell: Silence
 31980 | Elf:2    | Shot with an arrow by a deep elf archer

Vault maps used:
D:1:      dpeg_arrival_renting, minmay_tromino_i2
D:2:      minitemple, uniq_jessica
D:3:      uniq_sigmund
D:4:      temple_hall, serial_shops, kennysheep_mini_moat, xom_teletrap_fun,
          uniq_blork_the_orc
D:5:      first_bread, serial_shops, shop, grunt_qazlal_clouds, uniq_menkaure
D:6:      okawaru_gym_becter
D:7:      uniq_duvessa
D:8:      david_lair_generic, the_bakery
D:9:      uniq_erica
D:10:     feat_on_display, uniq_grum
D:11:     zombieorc2_lemuel
D:12:     minmay_containers, uniq_nergalle, uniq_kirke
D:13:     cheibrodos_body_horror, minmay_checkerbox, uniq_urug
D:14:     grunt_vaults_entry_fortified, serial_park_avenue1
D:15:     hangedman_depths_entry_try_elsewhere_first, serial_shops,
          nicolae_shop_crystal, shop, roderic_hopi_sauvastika
Lair:1:   serial_bayou_shore_a
Lair:2:   elwin_shoals_entry_rocks, columned_hall_lemuel, uniq_fannar,
          uniq_harold
Lair:3:   grunt_megastairs_4, minmay_lair_oklob_chamber
Lair:4:   nicolae_spider_entry_non_spiders, grunt_megastairs_1,
          infiniplex_staircase_pool, lemuel_fruit_fields
Lair:5:   minmay_slime_entry_jelly_boxes
Lair:6:   evilmike_catoblepas_cave, eino_house_with_fridge
Orc:1:    serial_shops, nicolae_shop_waterfront
Orc:2:    st_orc_open
Elf:1:    elf_arrival_001, enter_trove_2, minivault_28, uniq_nikola
Elf:2:    serial_shops, nicolae_shop_statue_plus, basic_altar,
          evilmike_minifort, uniq_roxanne
Trove:    trove_jewel_1

Skill      XL: |  1  2  3  4  5  6  7  8  9 10 11 12 13 14 15 16 |
---------------+-------------------------------------------------+-----
Dodging        | 1 2 3 4 5 6 7 9 |  9.4
Throwing       | 2 3 4 5 6 8 |  8.8
Stealth        | 4 5 6 7 10 11 12 | 12.8
Short Blades   | 3 4 5 7 8 10 11 | 11.3
Fighting       | 3 4 5 7 8 9 10 11 | 11.3
Shields        | 9 |  9.9
Spellcasting   | 7 9 10 | 10.9
Hexes          | 6 11 12 | 12.9

Action                   |  1- 3 |  4- 6 |  7- 9 | 10-12 | 13-15 | 16-18 || total
-------------------------+-------+-------+-------+-------+-------+-------++-------
Melee: Dagger            |    81 |   207 |   105 |   256 |    16 |       ||   665
       Tailslap          |     9 |    19 |    70 |   137 |   457 |   115 ||   807
       Short sword       |       |       |   331 |   564 |       |       ||   895
       Headbutt          |       |       |       |   158 |   667 |   161 ||   986
       Unarmed           |       |       |       |     7 |       |       ||     7
       Double sword      |       |       |       |     8 |    47 |       ||    55
       Quick blade       |       |       |       |       |  2264 |   402 ||  2666
       Rapier            |       |       |       |       |       |   233 ||   233
 Fire: Blowgun           |       |       |       |     6 |       |       ||     6
Throw: Javelin           |       |       |       |       |     7 |       ||     7
       Throwing net      |       |       |       |       |     1 |       ||     1
 Cast: Blink             |       |       |       |       |     3 |       ||     3
       Invisibility      |       |       |       |       |     2 |     8 ||    10
       Confuse           |       |       |       |       |       |    10 ||    10
Invok: Shadow Step       |       |       |       |     2 |     4 |     2 ||     8
 Abil: Breathe Noxious F |       |       |    12 |    24 |    33 |     1 ||    70
Evoke: Wand              |       |       |     2 |    10 |       |       ||    12
  Use: Potion            |       |     1 |       |     5 |     2 |     3 ||    11
       Scroll            |       |       |    20 |     8 |    10 |     3 ||    41
 Stab: Sleeping          |     7 |     8 |    12 |    42 |    71 |    24 ||   164
       Confused          |       |       |    10 |    27 |    27 |     4 ||    68
       Distracted        |       |       |     1 |     4 |     9 |     1 ||    15
       Invisible         |       |       |       |     3 |    36 |    47 ||    86
       Held in net/web   |       |       |       |       |     3 |       ||     3
  Eat: Chunk             |       |     5 |    26 |    28 |    59 |    14 ||   132
Armor: Skin              |    21 |    79 |   118 |   124 |   204 |    55 ||   601
Dodge: Dodged            |    68 |   112 |   270 |   430 |   731 |   212 ||  1823
Block: Buckler           |       |       |       |   151 |   415 |    99 ||   665
       Rpst.: Double sword |       |       |       |       |    15 |       ||    15
